[ AOE2 MATCH · #505203790 ]
UnrankedTeutons vs Burmese
Player's team · LOSS
Rival team · WIN
[ REPLAY ANALYSIS · EXTRACTED FROM THE RECORDED GAME ]
Feudal
8:37
Castle
28:25
Imperial
38:32
| APM avg | 52.2 |
| APM peak | 103 |
| eAPM avg | 27.4 |
| Villagers / military | 160 / 62 |
Focus
⚔️ 24.9% · 🌾 75.1%
Scout Cavalry ×21 · Militia ×17 · Bombard Cannon ×5 · Monk ×4 · Teutonic Knight ×4 · Trebuchet (Packed) ×4
Feudal
10:43
Castle
14:56
Imperial
37:16
| APM avg | 54.0 |
| APM peak | 105 |
| eAPM avg | 30.6 |
| Villagers / military | 162 / 51 |
Focus
⚔️ 53.6% · 🌾 46.4%
Arambai ×15 · Spearman ×12 · Monk ×9 · Mangonel ×6 · Bombard Cannon ×4 · Trebuchet (Packed) ×3
Match map
Initial resources + every placement click. Lines = walls · curves = elevation contours. ◆ gold · ⬟ stone · ● berries · ✦ relic · ◌ wall gap
Your base· ✓ Closed at 28:25 · 0t walls · 2 gate(s)
alesh's base· ✓ Closed at 14:56 · 44t walls · 2 gate(s)
Smoothed initial terrain · ◌ = detected wall gap · hover for details
Inputs per minute
— 新竹 - - alesh
Build order — 新竹
First 150 of 341 actions detected
| 0:00 | Create | Villager (Male) |
| 0:00 | Create | Villager (Male) |
| 0:01 | Create | Villager (Male) |
| 0:02 | Build | House |
| 0:04 | Build | House |
| 0:14 | Create | Villager (Male) |
| 1:35 | Create | Villager (Male) |
| 1:35 | Create | Villager (Male) |
| 1:36 | Create | Villager (Male) |
| 2:02 | Create | Villager (Male) |
| 2:02 | Create | Villager (Male) |
| 2:02 | Create | Villager (Male) |
| 2:10 | Build | Lumber Camp |
| 2:19 | Create | Villager (Male) |
| 2:20 | Create | Villager (Male) |
| 2:36 | Build | House |
| 2:42 | Create | Villager (Male) |
| 2:42 | Create | Villager (Male) |
| 3:10 | Create | Villager (Male) |
| 3:10 | Create | Villager (Male) |
| 3:27 | Create | Villager (Male) |
| 3:27 | Create | Villager (Male) |
| 3:28 | Create | Villager (Male) |
| 4:18 | Create | Villager (Male) |
| 4:19 | Create | Villager (Male) |
| 4:33 | Create | Villager (Male) |
| 4:33 | Create | Villager (Male) |
| 4:48 | Create | Villager (Male) |
| 4:49 | Create | Villager (Male) |
| 5:08 | Create | Villager (Male) |
| 5:13 | Build | Mining Camp |
| 6:27 | Research | Feudal Age |
| 6:27 | Research | Feudal Age |
| 6:56 | Build | House |
| 7:25 | Build | Mill |
| 7:53 | Create | Villager (Male) |
| 8:13 | Research | Loom |
| 8:13 | Research | Loom |
| 8:37 | Age | Feudal Age |
| 8:42 | Build | Watch Tower |
| 8:43 | Research | Double-Bit Axe |
| 8:43 | Research | Double-Bit Axe |
| 8:44 | Create | Villager (Male) |
| 9:09 | Build | House |
| 9:22 | Create | Villager (Male) |
| 9:23 | Create | Villager (Male) |
| 9:23 | Create | Villager (Male) |
| 9:45 | Build | House |
| 10:14 | Create | Villager (Male) |
| 10:15 | Create | Villager (Male) |
| 10:15 | Create | Villager (Male) |
| 10:15 | Create | Villager (Male) |
| 10:20 | Build | Watch Tower |
| 10:45 | Create | Villager (Male) |
| 10:45 | Create | Villager (Male) |
| 10:45 | Create | Villager (Male) |
| 11:11 | Build | Blacksmith |
| 11:38 | Build | Watch Tower |
| 11:45 | Create | Villager (Male) |
| 11:45 | Create | Villager (Male) |
| 11:45 | Create | Villager (Male) |
| 12:15 | Create | Villager (Male) |
| 12:15 | Create | Villager (Male) |
| 12:15 | Create | Villager (Male) |
| 12:41 | Build | Watch Tower |
| 12:44 | Create | Villager (Male) |
| 12:45 | Create | Villager (Male) |
| 12:50 | Build | Mill |
| 13:11 | Create | Villager (Male) |
| 13:11 | Create | Villager (Male) |
| 13:12 | Create | Villager (Male) |
| 13:19 | Build | House |
| 13:34 | Create | Villager (Male) |
| 13:34 | Create | Villager (Male) |
| 13:34 | Create | Villager (Male) |
| 14:01 | Build | Barracks |
| 14:08 | Create | Villager (Male) |
| 14:08 | Create | Villager (Male) |
| 14:19 | Build | House |
| 14:26 | Create | Villager (Male) |
| 14:26 | Create | Villager (Male) |
| 14:27 | Create | Villager (Male) |
| 14:37 | Create | Villager (Male) |
| 14:37 | Create | Villager (Male) |
| 14:37 | Create | Villager (Male) |
| 14:38 | Build | Farm |
| 14:41 | Build | Farm |
| 14:46 | Research | Horse Collar |
| 14:46 | Research | Horse Collar |
| 14:47 | Research | Horse Collar |
| 15:11 | Create | Villager (Male) |
| 15:11 | Create | Villager (Male) |
| 15:11 | Create | Villager (Male) |
| 15:12 | Create | Villager (Male) |
| 15:27 | Research | Fletching |
| 15:27 | Research | Fletching |
| 15:46 | Build | Stable |
| 15:50 | Create | Villager (Male) |
| 15:50 | Create | Villager (Male) |
| 15:50 | Create | Villager (Male) |
| 15:51 | Create | Villager (Male) |
| 16:05 | Create | Villager (Male) |
| 16:05 | Create | Villager (Male) |
| 16:05 | Create | Villager (Male) |
| 16:06 | Create | Villager (Male) |
| 16:07 | Build | Farm |
| 16:34 | Build | Farm |
| 16:50 | Build | Farm |
| 17:06 | Create | Scout Cavalry |
| 17:06 | Create | Scout Cavalry |
| 17:34 | Create | Scout Cavalry |
| 17:35 | Create | Scout Cavalry |
| 18:23 | Create | Scout Cavalry |
| 18:23 | Create | Scout Cavalry |
| 18:23 | Create | Scout Cavalry |
| 18:46 | Create | Villager (Male) |
| 18:46 | Create | Villager (Male) |
| 18:46 | Create | Villager (Male) |
| 18:47 | Create | Villager (Male) |
| 18:47 | Create | Villager (Male) |
| 18:48 | Build | Farm |
| 18:49 | Build | Farm |
| 18:51 | Build | Farm |
| 18:54 | Build | Farm |
| 18:54 | Build | Farm |
| 19:17 | Build | Farm |
| 19:18 | Create | Villager (Male) |
| 19:18 | Create | Villager (Male) |
| 19:40 | Build | Farm |
| 20:07 | Create | Villager (Male) |
| 20:08 | Build | Farm |
| 20:11 | Build | Mining Camp |
| 20:13 | Build | Farm |
| 20:14 | Build | Farm |
| 20:17 | Build | Farm |
| 20:24 | Create | Scout Cavalry |
| 20:24 | Create | Scout Cavalry |
| 20:25 | Create | Scout Cavalry |
| 20:40 | Create | Scout Cavalry ×2 |
| 20:40 | Create | Scout Cavalry ×2 |
| 20:40 | Create | Scout Cavalry ×2 |
| 21:08 | Create | Villager (Male) |
| 21:09 | Build | House |
| 21:10 | Build | House |
| 21:30 | Research | Scale Barding Armor |
| 21:31 | Research | Scale Barding Armor |
| 22:33 | Create | Scout Cavalry |
| 22:33 | Create | Scout Cavalry |
| 22:34 | Create | Villager (Male) |
| 22:34 | Create | Villager (Male) |
Build order — alesh
First 150 of 392 actions detected
| 0:00 | Create | Villager (Male) |
| 0:01 | Create | Villager (Male) |
| 0:01 | Create | Villager (Male) |
| 0:01 | Create | Villager (Male) |
| 0:01 | Create | Villager (Male) |
| 0:03 | Build | House |
| 0:05 | Build | House |
| 1:27 | Create | Villager (Male) |
| 1:28 | Create | Villager (Male) |
| 1:56 | Build | Lumber Camp |
| 2:09 | Create | Villager (Male) |
| 2:23 | Create | Villager (Male) |
| 2:48 | Create | Villager (Male) |
| 3:03 | Build | House |
| 3:04 | Build | House |
| 3:08 | Create | Villager (Male) |
| 3:08 | Create | Villager (Male) |
| 3:30 | Build | Palisade Wall |
| 3:38 | Create | Villager (Male) |
| 3:39 | Create | Villager (Male) |
| 3:53 | Create | Villager (Male) |
| 4:03 | Build | Palisade Wall |
| 4:04 | Build | Palisade Wall |
| 4:08 | Build | Palisade Wall |
| 4:09 | Build | Palisade Wall |
| 4:09 | Build | Palisade Wall |
| 4:10 | Build | Palisade Wall |
| 4:11 | Build | Palisade Wall |
| 4:12 | Build | Palisade Wall |
| 4:12 | Build | Palisade Wall |
| 4:15 | Build | Palisade Wall |
| 4:15 | Build | Palisade Wall |
| 4:22 | Create | Villager (Male) |
| 4:50 | Build | Mill |
| 5:02 | Create | Villager (Male) |
| 5:09 | Build | Palisade Wall |
| 5:10 | Build | Palisade Wall |
| 5:10 | Create | Villager (Male) |
| 5:11 | Create | Villager (Male) |
| 5:16 | Build | Palisade Wall |
| 5:18 | Build | Palisade Wall |
| 5:24 | Build | Palisade Wall |
| 5:25 | Build | Palisade Wall |
| 5:50 | Create | Villager (Male) |
| 5:50 | Create | Villager (Male) |
| 5:50 | Create | Villager (Male) |
| 6:12 | Build | Palisade Wall |
| 6:18 | Create | Villager (Male) |
| 6:18 | Create | Villager (Male) |
| 6:31 | Build | Farm |
| 6:45 | Create | Villager (Male) |
| 7:10 | Create | Villager (Male) |
| 7:20 | Research | Loom |
| 8:08 | Build | Mining Camp |
| 8:33 | Research | Feudal Age |
| 8:55 | Build | Palisade Wall |
| 9:06 | Build | Palisade Wall |
| 9:12 | Create | Villager (Male) |
| 9:12 | Create | Villager (Male) |
| 10:43 | Age | Feudal Age |
| 10:51 | Build | Market |
| 10:59 | Build | Blacksmith |
| 11:05 | Build | House |
| 12:16 | Research | Castle Age |
| 12:17 | Research | Castle Age |
| 13:13 | Create | Villager (Male) |
| 13:21 | Build | Stone Wall |
| 14:02 | Build | Farm |
| 14:06 | Build | Farm |
| 14:07 | Build | Farm |
| 14:11 | Build | Stone Wall |
| 14:30 | Build | Barracks |
| 14:50 | Create | Villager (Male) |
| 14:56 | Age | Castle Age |
| 15:01 | Build | Siege Workshop |
| 15:04 | Create | Villager (Male) |
| 15:08 | Build | Town Center |
| 15:31 | Create | Mangonel |
| 15:34 | Create | Spearman |
| 15:49 | Build | Farm |
| 16:12 | Create | Villager (Male) |
| 16:14 | Build | House |
| 16:38 | Create | Mangonel |
| 16:52 | Create | Villager (Male) |
| 17:18 | Build | Farm |
| 17:41 | Create | Spearman |
| 18:18 | Create | Villager (Male) |
| 18:19 | Create | Villager (Male) |
| 18:26 | Create | Mangonel |
| 18:30 | Build | Farm |
| 18:31 | Build | Farm |
| 18:33 | Build | Farm |
| 18:47 | Build | Farm |
| 18:49 | Build | Farm |
| 18:51 | Create | Mangonel |
| 18:58 | Build | Farm |
| 19:07 | Create | Villager (Male) |
| 19:07 | Create | Villager (Male) |
| 19:22 | Create | Spearman |
| 19:41 | Build | Farm |
| 19:45 | Build | Farm |
| 19:46 | Create | Spearman |
| 19:48 | Create | Villager (Male) |
| 19:48 | Create | Villager (Male) |
| 20:15 | Create | Spearman |
| 20:25 | Create | Villager (Male) |
| 20:25 | Create | Villager (Male) |
| 20:30 | Create | Villager (Male) |
| 20:42 | Create | Villager (Male) |
| 20:42 | Create | Villager (Male) |
| 21:11 | Create | Villager (Male) |
| 21:19 | Create | Spearman |
| 21:21 | Build | House |
| 22:10 | Create | Villager (Male) |
| 22:11 | Create | Villager (Male) |
| 22:14 | Create | Villager (Male) |
| 22:17 | Create | Villager (Male) |
| 22:38 | Build | Farm |
| 22:52 | Create | Spearman |
| 23:11 | Build | Farm |
| 23:12 | Create | Villager (Male) |
| 23:21 | Build | Farm |
| 23:23 | Create | Villager (Male) |
| 23:23 | Create | Villager (Male) |
| 23:54 | Build | Farm |
| 24:06 | Create | Villager (Male) |
| 24:12 | Build | House |
| 24:18 | Create | Spearman |
| 24:25 | Create | Villager (Male) |
| 24:26 | Build | House |
| 24:55 | Create | Villager (Male) |
| 24:55 | Create | Villager (Male) |
| 24:58 | Build | Stable |
| 25:02 | Build | Farm |
| 25:39 | Build | Farm |
| 25:41 | Create | Villager (Male) |
| 25:46 | Create | Villager (Male) |
| 26:06 | Build | House |
| 26:07 | Create | Villager (Male) |
| 26:07 | Create | Villager (Male) |
| 26:22 | Build | Farm |
| 26:23 | Create | Villager (Male) |
| 26:23 | Create | Villager (Male) |
| 27:05 | Create | Villager (Male) |
| 27:05 | Create | Villager (Male) |
| 27:16 | Build | House |
| 27:34 | Build | Lumber Camp |
| 27:40 | Create | Villager (Male) |
| 27:40 | Create | Villager (Male) |
| 27:41 | Create | Villager (Male) |
Match timeline
| 3:30 | alesh · wall_segment Palisade Wall x1 |
| 4:03 | alesh · wall_segment Palisade Wall x1 |
| 4:04 | alesh · wall_segment Palisade Wall x1 |
| 4:08 | alesh · wall_segment Palisade Wall x1 |
| 4:09 | alesh · wall_segment Palisade Wall x1 |
| 4:09 | alesh · wall_segment Palisade Wall x1 |
| 4:10 | alesh · wall_segment Palisade Wall x1 |
| 4:11 | alesh · wall_segment Palisade Wall x1 |
| 4:12 | alesh · wall_segment Palisade Wall x1 |
| 4:12 | alesh · wall_segment Palisade Wall x1 |
| 4:15 | alesh · wall_segment Palisade Wall x1 |
| 4:15 | alesh · wall_segment Palisade Wall x1 |
| 5:09 | alesh · wall_segment Palisade Wall x1 |
| 5:10 | alesh · wall_segment Palisade Wall x1 |
| 5:16 | alesh · wall_segment Palisade Wall x1 |
| 5:18 | alesh · wall_segment Palisade Wall x1 |
| 5:24 | alesh · wall_segment Palisade Wall x1 |
| 5:25 | alesh · wall_segment Palisade Wall x1 |
| 6:12 | alesh · wall_segment Palisade Wall x1 |
| 8:37 | 新竹 · age_up feudal |
| 8:55 | alesh · wall_segment Palisade Wall x15 |
| 9:06 | alesh · wall_segment Palisade Wall x8 |
| 10:43 | alesh · age_up feudal |
| 12:12 | alesh · first_market_sell 100 wood |
| 12:13 | alesh · first_market_buy 100 food |
| 13:21 | alesh · wall_segment Stone Wall x1 |
| 14:01 | 新竹 · first_building Barracks |
| 14:11 | alesh · wall_segment Stone Wall x1 |
| 14:30 | alesh · first_building Barracks |
| 14:56 | alesh · age_up castle |
| 15:01 | alesh · first_building Siege Workshop |
| 15:46 | 新竹 · first_building Stable |
| 24:01 | 新竹 · first_market_sell 100 wood |
| 24:58 | alesh · first_building Stable |
| 25:44 | 新竹 · first_market_buy 100 food |
| 28:25 | 新竹 · age_up castle |
| 28:58 | 新竹 · first_building Siege Workshop |
| 31:53 | alesh · first_building Monastery |
| 31:56 | 新竹 · first_building Monastery |
| 33:30 | 新竹 · first_building Castle |
| 34:50 | alesh · first_building Castle |
| 37:16 | alesh · age_up imperial |
| 38:32 | 新竹 · age_up imperial |
| 41:30 | alesh · wall_segment Stone Wall x1 |
| 43:58 | 新竹 · first_building Archery Range |
| 44:31 | 新竹 · resign |
[ AI ANALYSIS · 1 CREDIT ]
What really happened in this match?
Wolo.gg analyzes every decision: build order, eco, micro, common mistakes by bracket. Personalized analysis on WhatsApp or Discord in 30 seconds.
Civ guide
Teutons
Perfil
Jugador #14547856